AoeStats
← Vaerso

Arabia

509930760Analyzed
1v1 RM · 4d ago on Sep 28, 2026· 56m 16s· 2 players
Game mode
Random Map
Map size
Tiny (2 player)
Population
200
Speed
Normal
Resources
Standard
Victory
Conquest
Starting age
Dark Age
Ending age
Imperial Age
RankedLock teamsTeams togetherTeam positionsShared explorationLock speedFull tech treeHidden civsTurbo modeCheats
Victory
Defeat
🇵🇪 Persians · Peru
1092
+15
🇫🇷 Wei · France
1081
-15
Vaerso
4:57 Loom
11:04 Feudal Age
11:55 Double-Bit Axe
11:53 Horse Collar
15:23 Gold Mining
16:14 Wheelbarrow
20:17 Castle Age
19:05 Forging
19:34 Scale Mail Armor
20:48 Bloodlines
20:30 Pikeman
25:58 Town Watch
30:14 Scale Barding Armor
30:27 Heavy Plow
30:50 Devotion
35:19 Wheelbarrow
37:21 Tuntian
40:09 Bow Saw
41:31 Iron Casting
42:18 Squires
47:47 Imperial Age
45:34 Hand Cart
48:13 Halberdier
50:04 Blast Furnace
yspalmera
9:16 Loom
11:02 Feudal Age
16:07 Castle Age
15:04 Double-Bit Axe
15:21 Horse Collar
21:30 Scale Barding Armor
24:15 Bow Saw
25:12 Husbandry
25:41 Heavy Plow
28:54 Chain Barding Armor
28:57 Gold Mining
30:14 Bloodlines
30:45 Town Watch
31:39 Wheelbarrow
36:00 Hand Cart
35:31 Town Watch
41:29 Imperial Age
38:36 Light Cavalry
40:03 Forging
41:35 Iron Casting
41:29 Hussar
43:50 Conscription
44:17 Cavalier
46:24 Plate Barding Armor
50:18 Two-Man Saw
51:12 Town Patrol
51:43 Crop Rotation
52:46 Padded Archer Armor
52:39 Fletching
52:58 Heavy Cavalry Archer
53:00 Elite Skirmisher
54:14 Leather Archer Armor
53:54 Bodkin Arrow
Connection lost

Rejoining the realm…

Still unreachable

The connection could not be restored.

Session expired

The server has moved on; the page needs a fresh start.